 Dungeon Crawl Stone Soup version 0.31-a0-1338-gb567cfd (webtiles) character file.

Game seed: 10815389016665860784

2364084 sdynet the Conqueror (level 27, 342/355 HPs)
             Began as an Oni Gladiator on Dec 21, 2023.
             Was a High Priest of Elyvilon.
             Escaped with the Orb
             ... and 4 runes!
             The game lasted 04:19:55 (70196 turns).

sdynet the Conqueror (Oni Gladiator)               Turns: 70196, Time: 04:19:56

Health: 342/355    AC: 38    Str: 34    XL:     27
Magic:  39/40      EV: 15    Int: 20    God:    Elyvilon [*****.]
Gold:   2547       SH:  0    Dex: 14    Spells: 26/44 levels left

rFire   + . .        a - +9 giant spiked club (spect) {!d}
rCold   + . .        (shield currently unavailable)
rNeg    + . .        T - +12 gold dragon scales
rPois   +            A - +2 hat
rElec   +            v - +1 cloak of Starlight {*Dazzle EV+4 Stlth--}
rCorr   +            (gloves unavailable)
SInv    .            (boots unavailable)
Will    ++++.        V - amulet "Quvefela" {rElec rPois Regen+ Int+3} Stlth
                     D - ring of Ephemeral Luck {rC- rN+ Int+6 Dex+4}
HPRegen 1.59/turn    k - ring "Roowken" {rPois Will+ rCorr}
MPRegen 0.27/turn

%: no passive effects
@: brilliant, hasted, studying 3 skills, very quick
A: drunken brawling, large, unfitting armour, horns 1, tough skin 1, double
potion healing, camouflage 1, cold resistance 1, deformed body, strong-willed 1,
sense surroundings 1, robust 1, inability to drink after injury 1, MP-powered
wands
0: Orb of Zot
}: 4/15 runes: decaying, slimy, silver, gossamer
a: Renounce Religion, Purification, Heal Other, Heal Self, Divine Vigour


You escaped.
You worshipped Elyvilon.
Elyvilon was extremely pleased with you.
You visited 12 branches of the dungeon, and saw 56 of its levels.
You visited 1 bazaar.
You also visited: Sewer, Gauntlet and Volcano.

You collected 9580 gold pieces.
You spent 7033 gold pieces at shops.

Inventory:

Hand Weapons
 a - a +9 spectral giant spiked club (weapon) {!d}
Missiles
 d - 7 throwing nets
 e - 118 large rocks
 U - 12 silver javelins
 Y - 14 curare-tipped darts
Armour
 v - the +1 cloak of Starlight (worn) {*Dazzle EV+4 Stlth--}
   (You bought it in a shop on level 2 of the Orcish Mines)

   *Dazzle:   It may blind those who miss an attack against the wearer in melee
   combat.
   EV+4:      It affects your evasion (+4).
   Stlth--:   It makes you much less stealthy.
 A - a +2 hat (worn)
 I - the scarf "Garrae" {repulsion, rPois}
   (You found it on level 3 of the Elven Halls)

   rPois:     It protects you from poison
 T - +12 gold dragon scales (worn)
Jewellery
 k - the ring "Roowken" (right hand) {rPois Will+ rCorr}
   (You bought it in a shop on level 2 of the Orcish Mines)

   [ring of willpower]

   rPois:     It protects you from poison Will+: It increases your willpower.
   rCorr:     It protects you from acid and corrosion.
 r - the ring "Wihypus" {rF+ Int+3 Dex+3}
   (You found it on level 2 of the Depths)

   [ring of protection from fire]

   Int+3:     It affects your intelligence (+3).
   Dex+3:     It affects your dexterity (+3).
   rF+:       It protects you from fire.
 D - the ring of Ephemeral Luck (left hand) {rC- rN+ Int+6 Dex+4}
   (You found it on level 1 of the Crypt)

   [ring of positive energy]

   Int+6:     It affects your intelligence (+6).
   Dex+4:     It affects your dexterity (+4).
   rC-:       It makes you vulnerable to cold.
   rN+:       It protects you from negative energy.
 N - a ring of see invisible
 P - the ring of the Hare {EV+10}
   (You found it on level 5 of the Pits of Slime)

   [ring of evasion]

   EV+10:     It affects your evasion (+10).
 R - the amulet of Xom's Recklessness {Spirit rF++}
   (You found it on level 1 of the Crypt)

   [amulet of guardian spirit]

   Spirit:    It causes incoming damage to be divided between your reserves of
   health and magic.
   rF++:      It greatly protects you from fire.
 V - the amulet "Quvefela" (around neck) {rElec rPois Regen+ Int+3}
   (You found it on level 2 of the Depths)

   [amulet of regeneration]

   Int+3:     It affects your intelligence (+3).
   rElec:     It insulates you from electricity.
   rPois:     It protects you from poison Regen+: It increases your rate of
   health regeneration.
Wands
 g - a wand of digging (3)
 H - a wand of roots (60)
 M - a wand of light (11)
Scrolls
 b - 8 scrolls of vulnerability
 h - 6 scrolls of blinking
 j - 31 scrolls of teleportation {!r}
 l - 4 scrolls of fear {!r}
 o - 4 scrolls of butterflies
 t - 6 scrolls of revelation {!r}
 C - 4 scrolls of immolation
 E - 9 scrolls of fog {!r}
 F - 2 scrolls of silence {!r}
 K - 3 scrolls of poison
Potions
 c - 9 potions of brilliance {!q}
 f - 6 potions of heal wounds {!q}
 i - 6 potions of cancellation {!q}
 m - 3 potions of haste {!q}
 n - 7 potions of attraction
 p - 4 potions of enlightenment {!q!q}
 s - a potion of lignification {!q}
 u - a potion of magic {!q}
 w - 3 potions of invisibility {!q}
 z - 10 potions of curing {!q}
 G - 3 potions of might {!q}
 J - 2 potions of resistance {!q}
 O - 4 potions of berserk rage {!q}
 W - a potion of ambrosia {!q}
Miscellaneous
 x - a phantom mirror
 y - a phial of floods
 L - a lightning rod (4/4)
 S - a sack of spiders


   Skills:
 O Level 27 Fighting
 - Level 25.9(26.0) Maces & Flails
 - Level 3.0(17.5) Staves
 - Level 3.0 Throwing
 - Level 25.4 Armour
 - Level 12.0 Dodging
 - Level 4.0 Stealth
 - Level 9.0 Spellcasting
 - Level 12.7 Translocations
 + Level 4.8 Earth Magic
 + Level 4.8 Alchemy
 O Level 27 Invocations
 - Level 3.0 Evocations


You had 26 spell levels left.
You knew the following spells:

 Your Spells              Type           Power      Damage    Failure   Level
a - Lesser Beckoning      Tloc           100%       N/A       1%          2
b - Teleport Other        Tloc           74%        N/A       1%          3
c - Passage of Golubria   Tloc           74%        N/A       1%          4
d - Manifold Assault      Tloc           74%        N/A       1%          4
q - Blink                 Tloc           100%       N/A       1%          2
A - Apportation           Tloc           100%       N/A       1%          1
P - Passwall              Alch/Erth      35%        N/A       9%          2

Your spell library contained the following spells:

 Spells                   Type           Power      Damage    Failure   Level
 Gell's Gravitas          Tloc           74%        N/A       1%          3
 Momentum Strike          Conj/Tloc      100%       3d10      4%          2
 Sandblast                Erth           84%        2d18      5%          1
 Volatile Blastmotes      Fire/Tloc      100%       2d18      9%          3
 Sting                    Conj/Alch      100%       1d9       14%         1
 Mercury Vapours          Alch/Air       54%        N/A       22%         2
 Iskenderun's Mystic Bla  Conj/Tloc      51%        2d11      28%         4
 Vhi's Electric Charge    Tloc/Air       100%       N/A       28%         4
 Cigotuvi's Dreadful Rot  Necr/Alch/Air  46%        N/A       30%         2
 Dispersal                Tloc           37%        N/A       30%         6
 Foxfire                  Conj/Fire      52%        2x1d6     36%         1
 Freeze                   Ice            52%        1d6       36%         1
 Kiss of Death            Conj/Necr      52%        2d9       36%         1
 Magic Dart               Conj           52%        1d5       36%         1
 Necrotise                Necr           52%        1d6       36%         1
 Shock                    Conj/Air       52%        1d6       36%         1
 Slow                     Hex            52%        N/A       36%         1
 Summon Small Mammal      Summ           52%        N/A       36%         1
 Stone Arrow              Conj/Erth      54%        3d10      41%         3
 Call Imp                 Summ           26%        N/A       50%         2
 Ensorcelled Hibernation  Hex/Ice        26%        N/A       50%         2
 Jinxbite                 Hex            26%        N/A       50%         2
 Searing Ray              Conj           26%        2d5       50%         2
 Sublimation of Blood     Necr           13%        N/A       50%         2
 Summon Forest            Summ/Tloc      25%        N/A       61%         5
 Call Canine Familiar     Summ           13%        N/A       75%         3
 Confusing Touch          Hex            13%        N/A       75%         3
 Dazzling Flash           Conj/Hex       26%        N/A       75%         3
 Frozen Ramparts          Ice            26%        1d4       75%         3
 Fugue of the Fallen      Necr           13%        N/A       75%         3
 Hailstorm                Conj/Ice       13%        3d6       75%         3
 Inner Flame              Hex/Fire       13%        N/A       75%         3
 Ozocubu's Armour         Ice            13%        N/A       75%         3
 Sigil of Binding         Hex            13%        N/A       75%         3
 Summon Guardian Golem    Hex/Summ       13%        N/A       75%         3
 Swiftness                Air            13%        N/A       75%         3
 Vampiric Draining        Necr           13%        2d6       75%         3
 Animate Armour           Summ/Erth      54%        N/A       82%         4
 Brom's Barrelling Bould  Conj/Erth      27%        2d5       82%         4
 Fulminant Prism          Conj/Alch      13%        3d9       82%         4
 Ignite Poison            Fire/Alch      27%        N/A       82%         4
 Sticky Flame             Fire/Alch      27%        2d7       82%         4
 Alistair's Intoxication  Alch           28%        N/A       83%         5
 Lee's Rapid Deconstruct  Erth           21%        3d12*     83%         5
 Airstrike                Air            6%         2d(1-17)  98%         4
 Anguish                  Hex/Necr       6%         N/A       98%         4
 Animate Dead             Necr           13%        N/A       98%         4
 Dispel Undead            Necr           13%        3d9       98%         4
 Flame Wave               Conj/Fire      13%        2d6       98%         4
 Summon Ice Beast         Ice/Summ       13%        N/A       98%         4
 Summon Lightning Spire   Summ/Air       13%        N/A       98%         4
 Arcjolt                  Conj/Air       6%         1d16      100%        5
 Freezing Cloud           Conj/Ice/Air   6%         6-21      100%        5
 Metabolic Englaciation   Hex/Ice        6%         N/A       100%        5
 Silence                  Hex/Air        6%         N/A       100%        5
 Summon Mana Viper        Hex/Summ       13%        N/A       100%        5
 Conjure Ball Lightning   Conj/Air       6%         3x3d6     100%        6
 Eringya's Noxious Bog    Alch           21%        4d6       100%        6
 Plasma Beam              Fire/Air       6%         2x1d17    100%        6
 Simulacrum               Ice/Necr       6%         N/A       100%        6
 Starburst                Conj/Fire      6%         6d4       100%        6
 Summon Cactus Giant      Summ           6%         N/A       100%        6
 Malign Gateway           Summ/Tloc      25%        N/A       100%        7
 Summon Hydra             Summ           6%         N/A       100%        7
 Discord                  Hex            6%         N/A       100%        8
 Disjunction              Tloc           37%        N/A       100%        8
 Lehudib's Crystal Spear  Conj/Erth      13%        10d5      100%        8
 Maxwell's Capacitive Co  Air            6%         ∞         100%        8
 Fire Storm               Conj/Fire      6%         8d2       100%        9


Dungeon Overview and Level Annotations

Branches:
Dungeon (15/15)            Temple (1/1) D:5            Lair (5/5) D:8
  Swamp (4/4) Lair:3       Spider (4/4) Lair:3        Slime (5/5) Lair:4
    Orc (2/2) D:11            Elf (3/3) Orc:2        Vaults (5/5) D:14
  Crypt (3/3) Vaults:3     Depths (4/4) D:15            Zot (5/5) Depths:4
  Sewer (visited)         Volcano (visited)         Gauntlet (visited)
   Tomb: Crypt:3

Altars:
Ashenzari
Cheibriados
Dithmenos
Elyvilon
Fedhas
Gozag
Hepliaklqana
Kikubaaqudgha
Makhleb
Nemelex Xobeh
Okawaru
Qazlal
Ru
Sif Muna
Trog
Uskayaw
Vehumet
Wu Jian
Xom
Yredelemnul
Zin
The Shining One
Jiyva
Lugonu

Shops:
D:4 =   D:10 [   D:11 (   Orc:1 *   Orc:2 =([(   Elf:3 :   Vaults:3 :*
Depths:3 ::**[*

Portals:
Hell: Depths:1 Depths:2 Depths:3 Depths:4
Abyss: Lair:5 Depths:2 Depths:3
Pandemonium: Depths:1 Depths:2
Ziggurat: Depths:3

Annotations:
Lair:2 exclusions: plant and 11 more exclusions
Elf:2 3 runed translucent doors
Elf:3 1 runed translucent door
Crypt:3 Khufu
Depths:3 2 transporters


Innate Abilities, Weirdness & Mutations

Whenever you drink a potion that restores your health or magic, you attack all enemies around you.
You are too large for most types of armour.
You have a pair of small horns on your head.
You have tough skin. (AC +1)
Whenever you drink a potion that restores your health or magic, it restores twice as much.
Your skin changes colour to match your surroundings (Stealth+).
Your flesh is cold resistant. (rC+)
Armour fits poorly on your strangely shaped body.
You are strong-willed. (Will+)
You passively map a small area around you.
You are robust. (+10% HP)
You occasionally lose the ability to drink potions when taking damage.
You expend magic power (3 MP) to strengthen your wands.


Message History

The large abomination is severely damaged.
Your +9 spectral giant spiked club {!d} hits the large abomination.
The large abomination hits your +9 spectral giant spiked club {!d} but does no damage.
You closely miss Efeamuih. You headbutt Efeamuih.
Efeamuih is lightly wounded.
Your +9 spectral giant spiked club {!d} hits Efeamuih!
Efeamuih hits you!
You hit the large abomination but do no damage.
The large abomination is severely damaged.
Your +9 spectral giant spiked club {!d} barely misses the large abomination.
The large abomination hits you!
You impale the large abomination!!
You destroy the large abomination!
Your +9 spectral giant spiked club {!d} disappears.
Efeamuih hits you but does no damage.
You beat Efeamuih like a drum!!!
You headbutt Efeamuih, but do no damage.
Efeamuih is heavily wounded.
Your +9 spectral giant spiked club {!d} hits Efeamuih!!
You closely miss Efeamuih.
Efeamuih is almost dead.
Your +9 spectral giant spiked club {!d} completely misses Efeamuih.
Efeamuih barely misses you.
You closely miss Efeamuih. Your headbutt misses Efeamuih.
Efeamuih is almost dead.
Your +9 spectral giant spiked club {!d} hits Efeamuih!!!!
You kill Efeamuih!
Your +9 spectral giant spiked club {!d} disappears.
Casting: Lesser Beckoning (safe; 1% risk of failure)
Confirm with . or Enter, or press ? or * to list all spells.
Aiming: Passwall (safe; 9% risk of failure)
Press: ? - help, Dir - move target A rock wall.
This square is covered in magical glow.
You feel a surge of power!
You begin to meditate on the wall.
You continue meditating on the rock. x2
You finish merging with the rock.
Char dumped successfully.
Unknown command.
You have escaped!

...........#....#.........# ####.
......)†...#......4.......######>
#......#...#.....................
#.....##...###.#..........#.[####
.......#.....#.#.#######.##.## #
.......#####'###.### #.#..# ###
.......######..#...#####...####..
#.....##...#'#'###.....#.........
##...###.....#..@#####...........
##### #...#+#'### ##..........
#...##..# #.......... #...#+###
###......## #.....# #......#
####### #......# ########


There were no monsters in sight!

Vanquished Creatures
  the Royal Jelly (Slime:5)
  9 dread liches
  Frederick (Vaults:5)
  7 orbs of fire
  6 ancient liches
  6 juggernauts
  2 pandemonium lords
  Saint Roka (Depths:2)
  8 Killer Klowns
  4 curse toes
  A caustic shrike (Depths:4)
  11 golden dragons
  Nikola (Swamp:3)
  A bone dragon (Vaults:3)
  Arachne (Spider:2)
  A shard shrike zombie (Crypt:3)
  Jorgrun (D:13)
  23 tentacled monstrosities
  5 electric golems
  Rupert (Lair:5)
  A spectral shard shrike (Crypt:2)
  29 Orb Guardians
  4 walking earthen tomes
  5 quicksilver dragons
  20 acid blobs
  3 walking frostbound tomes
  10 liches
  6 sphinxes
  A deep elf master archer (Elf:3)
  4 titans (Vaults:5)
  2 deep elf blademasters (Elf:3)
  13 death cobs
  An Executioner (Zot:4)
  8 shadow dragons
  Kirke (D:12)
  A thorn hunter (Swamp:4)
  Gastronok (D:10)
  An ancient champion (Crypt:2)
  3 revenants (Crypt:1)
  Aizul (Swamp:2)
  Donald (Swamp:3)
  4 tengu reavers
  15 storm dragons
  Roxanne (Swamp:3)
  5 draconian knights
  9 fire giants
  A daeva (D:10)
  11 azure jellies
  17 rockslimes
  5 draconian monks
  10 draconian shifters
  5 protean progenitors
  8 emperor scorpions
  3 iron dragons
  8 ghost moths
  A fenstrider witch (Swamp:4)
  3 draconian scorchers
  11 deep elf sorcerers
  2 curse skulls
  3 orc warlords
  16 vault wardens
  A shard shrike simulacrum (Crypt:2)
  The ghost of Anotheraccount the Fighter, a journeyman DjFE of Jiyva (D:13)
  21 frost giants
  14 ironbound preservers
  4 draconian annihilators
  2 juggernaut zombies (Crypt:3)
  2 deep elf elementalists
  6 quicksilver oozes
  5 spriggan defenders (Depths:4)
  23 stone giants
  4 reapers
  7 draconian stormcallers
  4 ghouls
  8 war gargoyles
  4 formless jellyfish
  19 very ugly things
  9 vampire knights
  5 broodmothers
  11 deep elf demonologists
  An eleionoma (Swamp:2)
  7 ironbound thunderhulks
  6 green draconians
  18 black draconians
  11 red draconians
  16 white draconians
  A minotaur (Gauntlet)
  13 purple draconians
  7 yellow draconians
  6 bunyips
  7 deep elf death magi
  7 dire elephants
  13 deep elf annihilators
  18 spark wasps
  4 eidola (Crypt:3)
  A lorocyproca (D:10)
  Snorg (D:10)
  5 crystal guardians
  2 green deaths
  10 ettins
  10 jiangshi (Crypt:2)
  8 fire dragons
  4 deep elf high priests
  9 great orbs of eyes
  2 spectral krakens (Crypt:2)
  12 yaktaur captains
  32 vault guards
  4 rakshasas
  Harold (Orc:1)
  4 entropy weavers
  15 ice dragons
  A juggernaut simulacrum (Crypt:1)
  4 spriggan air magi
  A hell beast (Gauntlet)
  7 hydras
  A jorogumo (shapeshifter) (Depths:1)
  3 peacekeepers
  3 jorogumos (Spider:4)
  A fenstrider witch skeleton (Crypt:2)
  3 ironbound frosthearts
  6 ogre magi
  4 radroaches (Spider:1)
  A catoblepas (D:14)
  A ghost crab (Swamp:1)
  9 two-headed ogres
  5 alligators
  16 dancing weapons
  3 two-headed ogres (shapeshifter)
  9 boulder beetles
  8 centaur warriors
  9 deep troll shamans
  A death knight (D:14)
  A bennu skeleton (Crypt:3)
  15 deep troll earth magi
  2 spriggan berserkers
  6 vampire magi
  3 demonic crawlers
  4 thrashing horrors (Lair:5)
  A hell hog (Volcano)
  2 orc high priests (Depths:2)
  2 shock serpents (Zot:4)
  7 soul eaters
  10 tengu warriors
  A titan zombie (Crypt:3)
  Nergalle (Lair:2)
  A shock serpent (shapeshifter) (Depths:2)
  7 hell knights
  7 deep elf knights
  4 occultists
  A storm dragon zombie (Crypt:3)
  3 sun demons
  3 skysharks
  15 skeletal warriors
  A skyshark (shapeshifter) (Vaults:5)
  3 sixfirhies
  39 deep trolls
  Amaemon (Lair:2)
  3 pharaoh ants
  4 iron trolls
  A golden dragon zombie (Crypt:3)
  An orb spider (shapeshifter) (Vaults:5)
  2 shadow demons
  A cherub (D:10)
  A bunyip zombie (Crypt:3)
  9 bog bodies
  A deep troll (shapeshifter) (Depths:4)
  4 orb spiders
  4 flayed ghosts
  5 goliath frogs
  12 deep elf archers
  6 glowing orange brains
  4 spriggan druids
  5 steelbarb worms
  5 sun moths
  2 swamp dragons
  An anaconda skeleton (Crypt:1)
  6 harpies
  10 ironbound convokers
  28 deep elf pyromancers
  11 arcanists
  6 lindwurms
  9 phantasmal warriors
  13 orc knights
  8 necromancers
  21 deep elf zephyrmancers
  48 ugly things
  3 orc sorcerers
  19 wolf spiders
  4 human zombies
  A tengu skeleton (Vaults:1)
  3 stone giant zombies
  7 will-o-the-wisps
  5 manticores
  5 cyclopes
  4 shining eyes
  A toenail golem (Zot:4)
  Maurice (D:8)
  2 shining eyes (shapeshifter)
  34 moths of wrath
  A stone giant skeleton (Crypt:1)
  4 kobold blastminers
  4 eyes of devastation
  A centaur zombie (Crypt:3)
  11 elephants
  3 water nymphs (Zot:5)
  5 black mambas
  2 molten gargoyles (Volcano)
  A titan simulacrum (Crypt:1)
  A naga zombie (Crypt:3)
  Joseph (D:7)
  A dire elephant zombie (Crypt:3)
  9 cane toads
  7 smoke demons
  27 vault sentinels
  A black mamba (shapeshifter) (D:13)
  2 orange demons
  Maggie (D:8)
  A shock serpent zombie (Crypt:2)
  3 large abominations
  2 unseen horrors
  2 hellions
  4 kobold demonologists
  15 komodo dragons
  A gargoyle (D:12)
  28 yaktaurs
  A sea snake zombie (Crypt:1)
  5 rime drakes
  10 freezing wraiths
  An ice devil (D:14)
  A tormentor (Depths:1)
  2 efreet (D:13)
  2 tengu conjurers
  4 hellwings (D:4)
  An alligator snapping turtle skeleton (Crypt:2)
  A queen bee (shapeshifter) (Lair:5)
  A troll (shapeshifter) (Depths:4)
  A polar bear (shapeshifter) (D:13)
  2 harpy zombies (Crypt:3)
  9 trolls
  3 meliai (D:14)
  A meliai (shapeshifter) (D:15)
  An iron troll skeleton (Crypt:2)
  A hornet (shapeshifter) (Lair:4)
  A merfolk (shapeshifter) (Depths:4)
  22 tarantellas
  15 hornets
  2 raiju (Lair:5)
  7 tyrant leeches
  A blink frog (shapeshifter) (Lair:5)
  2 tengu simulacra (Vaults:1)
  6 polar bears
  22 blink frogs
  2 dream sheep (Lair:5)
  A guardian serpent zombie (Crypt:2)
  5 glass eyes
  2 ettin zombies (Crypt:3)
  9 water elementals
  4 air elementals
  128 slime creatures
  13 spriggans
  6 flying skulls (Crypt:2)
  A shadow (D:11)
  25 culicivoras
  A dire elephant simulacrum (Lair:4)
  A slime creature zombie (Crypt:1)
  10 wraiths
  14 jumping spiders
  A centaur simulacrum (D:14)
  4 vampires
  A ynoxinul (Lair:5)
  43 yaks
  A spriggan (shapeshifter) (D:13)
  10 wyverns
  3 fire elementals
  17 basilisks
  A golden eye (shapeshifter) (D:14)
  2 hogs (D:12)
  59 redbacks
  5 fire bats (Volcano)
  3 wargs
  16 golden eyes
  20 vampire mosquitoes
  5 steam dragons
  4 chaos spawn
  12 small abominations
  6 swamp worm simulacra (Swamp:4)
  A skyshark zombie (Crypt:2)
  18 swamp worms
  15 hydra simulacra
  4 acid dragons
  An entropy weaver zombie (Crypt:1)
  3 hell hounds
  Duvessa (D:7)
  2 swamp drakes (Swamp:1)
  16 water moccasins
  Pargi (Sewer)
  31 orc warriors
  5 sky beasts
  5 black bears
  32 wolves
  4 boggarts
  14 centaurs
  6 ogres
  2 phantoms (D:5)
  A salamander zombie (Crypt:1)
  5 kobold brigands
  2 brain worms (Sewer)
  15 bullfrogs
  7 necrophages
  3 gnoll sergeants
  An elf skeleton (Crypt:1)
  An earth elemental (Elf:3)
  5 scorpions
  A human skeleton (Vaults:1)
  A warg skeleton (Crypt:1)
  2 wyvern skeletons (Crypt:3)
  3 wights (D:7)
  Dowan (D:7)
  3 electric eels
  A troll skeleton (Crypt:1)
  A yak skeleton (Crypt:2)
  11 howler monkeys
  A vampire bat (D:9)
  3 lava snakes (Volcano)
  A komodo dragon simulacrum (Lair:4)
  6 jellies
  13 orc priests
  A water moccasin simulacrum (Lair:4)
  A gnoll bouda (D:9)
  2 hounds (D:6)
  6 iguanas
  A sleepcap (D:8)
  19 orc wizards
  5 lightning spires (Zot:4)
  A polar bear simulacrum (Lair:4)
  An ice beast zombie (Crypt:2)
  An ogre skeleton (Crypt:1)
  A howler monkey skeleton (Crypt:1)
  8 adders
  15 gnolls
  A shadow imp (D:6)
  4 white imps
  A bombardier beetle (D:7)
  2 swamp drake simulacra (Swamp:4)
  2 ufetubi (D:5)
  A worm zombie (Crypt:2)
  3 worms
  4 dart slugs
  56 orcs
  11 ball pythons
  3 bat skeletons
  4 bat zombies (D:9)
  6 endoplasms
  6 giant cockroaches
  5 goblins
  7 hobgoblins
  9 quokkas
  3 bats
  12 frilled lizards
  19 kobolds
  A quokka skeleton (Crypt:1)
  4 rats
  2 aspiring fleshes (Zot:3)
  A butterfly (Lair:1)
  A spectral weapon (Depths:3)
  5 tentacles (Crypt:2)
2488 creatures vanquished.

Vanquished Creatures (collateral kills)
  An ironbound preserver (Vaults:1)
  A human zombie (Vaults:1)
  An orc priest (D:8)
  2 orcs (D:8)
5 creatures vanquished.

Vanquished Creatures (others)
  2 storm dragons
  A deep elf sorcerer (Vaults:4)
  A draconian shifter (Zot:4)
  A draconian stormcaller (Zot:4)
  2 ghost moths
  An angel (D:10)
  A draconian annihilator (Zot:4)
  A black draconian (Zot:1)
  Fannar (Lair:2)
  An alligator (Swamp:4)
  A centaur warrior (D:13)
  A hell knight (Depths:2)
  2 spriggans (Swamp:1)
  2 deep elf knights
  An orb spider (Spider:4)
  3 ironbound convokers
  3 orc knights
  A manticore (D:9)
  5 moths of wrath
  A vault sentinel (Vaults:1)
  A torpor snail (Spider:1)
  A komodo dragon (Lair:2)
  A bloated husk (Swamp:2)
  A hornet (Swamp:1)
  An air elemental (Zot:4)
  3 yaks
  A human (Crypt:1)
  A redback (Spider:1)
  A vampire mosquito (D:13)
  A swamp worm (Swamp:2)
  2 water moccasins
  An orc warrior (Orc:2)
  A wyvern simulacrum (D:9)
  An orc priest (D:5)
  4 orcs
  14 foxfires
  60 spectral weapons
  3 tentacles (Crypt:2)
130 creatures vanquished.

Grand Total: 2623 creatures vanquished

Notes
Turn   | Place    | Note
-------+----------+-------------------------------------------
     0 | D:1      | sdynet the Oni Gladiator began the quest for the Orb.
     0 | D:1      | Reached XP level 1. HP: 22/22 MP: 1/1
    94 | D:1      | Reached XP level 2. HP: 11/31 MP: 2/2
   195 | D:1      | Reached skill level 1 in Stealth
   269 | D:1      | Reached XP level 3. HP: 36/39 MP: 3/3
   837 | D:2      | Reached XP level 4. HP: 49/49 MP: 4/4
   981 | D:2      | Found a shadowy altar of Dithmenos.
  1142 | D:2      | Found a faded altar of an unknown god.
  1869 | D:3      | Reached skill level 5 in Fighting
  1869 | D:3      | Reached XP level 5. HP: 57/57 MP: 5/5
  2397 | D:4      | Found a glowing drain.
  2402 | Sewer    | Entered a sewer
  2479 | Sewer    | Noticed Pargi
  2483 | Sewer    | Reached XP level 6. HP: 60/67 MP: 6/6
  2492 | Sewer    | Killed Pargi
  2761 | D:4      | Found Wuemos's Jewellery Boutique.
  2986 | D:5      | Entered Level 5 of the Dungeon
  3077 | D:5      | Reached XP level 7. HP: 70/80 MP: 7/7
  3204 | D:5      | Reached skill level 1 in Maces & Flails
  3368 | D:5      | Found a staircase to the Ecumenical Temple.
  3377 | Temple   | Entered the Ecumenical Temple
  3394 | Temple   | Became a worshipper of Elyvilon the Healer
  3482 | D:5      | Reached XP level 8. HP: 78/93 MP: 8/8
  3513 | D:5      | Reached skill level 1 in Invocations
  3811 | D:6      | Reached skill level 10 in Fighting
  4494 | D:6      | Reached XP level 9. HP: 84/102 MP: 12/12
  4571 | D:6      | Reached * piety under Elyvilon
  5122 | D:7      | Noticed Duvessa
  5138 | D:7      | Noticed Dowan
  5139 | D:7      | Killed Duvessa
  5140 | D:7      | Reached skill level 5 in Maces & Flails
  5140 | D:7      | Reached skill level 5 in Invocations
  5155 | D:7      | Killed Dowan
  5238 | D:7      | Reached ** piety under Elyvilon
  5628 | D:7      | Noticed Joseph
  5643 | D:7      | Killed Joseph
  5793 | D:7      | Reached XP level 10. HP: 108/117 MP: 15/15
  5846 | D:8      | Noticed Maurice
  5853 | D:8      | Maurice stole 3 throwing nets
  5859 | D:8      | Maurice stole a +2 quarterstaff of speed
  5864 | D:8      | Something stole 316 gold
  5865 | D:8      | Killed Maurice
  6512 | D:8      | Noticed Maggie
  6514 | D:8      | Noticed a two-headed ogre
  6523 | D:8      | Killed a two-headed ogre
  6528 | D:8      | Killed Maggie
  6529 | D:8      | Found a shadowy altar of Dithmenos.
  6529 | D:8      | Found a broken altar of Ashenzari.
  6545 | D:8      | Reached *** piety under Elyvilon
  6648 | D:8      | Found a staircase to the Lair.
  6767 | Lair:1   | Entered Level 1 of the Lair of Beasts
  6767 | Lair:1   | Noticed a cane toad
  6769 | Lair:1   | Pacified a cane toad
  6769 | Lair:1   | Noticed a black mamba
  6772 | Lair:1   | Pacified a black mamba
  6773 | Lair:1   | Reached XP level 11. HP: 103/130 MP: 18/18
  6898 | D:9      | Identified the +0 chain mail of Lokhluor {*Corrode rElec
                  | rPois Slay+6}
  7216 | D:9      | Noticed a cyclops
  7216 | D:9      | Noticed a two-headed ogre
  7216 | D:9      | Noticed a tengu warrior
  7226 | D:9      | Noticed a manticore
  7275 | D:9      | Found an ancient bone altar of Kikubaaqudgha.
  7637 | D:9      | Found a shimmering blue altar of Sif Muna.
  7679 | D:10     | Entered Level 10 of the Dungeon
  7748 | D:10     | Noticed Gastronok
  7770 | D:10     | Reached skill level 10 in Invocations
  7867 | Lair:1   | Reached **** piety under Elyvilon
  8088 | Lair:1   | Noticed a wolf spider
  8125 | Lair:1   | Reached skill level 15 in Fighting
  8209 | Lair:1   | Killed a wolf spider
  8344 | Lair:1   | Noticed an ice dragon
  8369 | Lair:1   | Killed an ice dragon
  8539 | Lair:1   | Reached skill level 10 in Maces & Flails
  9114 | Lair:2   | Noticed Fannar
  9114 | Lair:2   | Noticed Amaemon
  9153 | Lair:2   | Killed Amaemon
  9154 | Lair:2   | Reached XP level 12. HP: 50/144 MP: 19/19
  9171 | Lair:2   | Killed Fannar
  9330 | Lair:2   | Noticed a catoblepas
  9335 | Lair:2   | Pacified a catoblepas
  9622 | Lair:2   | Found a dark tunnel.
  9629 | Volcano  | Entered a volcano
  9783 | Volcano  | Found a bloodstained altar of Trog.
  9941 | Volcano  | Noticed a hell hog
  9948 | Volcano  | Killed a hell hog
 10378 | Lair:2   | Noticed Nergalle
 10388 | Lair:2   | Killed Nergalle
 10498 | Lair:2   | Reached XP level 13. HP: 161/161 MP: 20/20
 10965 | Lair:2   | Reached skill level 1 in Armour
 11048 | Lair:2   | Found the +8 arc blade {discharge, rElec}
 12251 | Lair:3   | Found a hole to the Spider Nest.
 13171 | Lair:3   | Found a staircase to the Swamp.
 13408 | Lair:4   | Reached skill level 5 in Armour
 13710 | Lair:4   | Reached XP level 14. HP: 166/174 MP: 21/21
 13870 | Lair:4   | Reached ***** piety under Elyvilon
 13947 | Lair:4   | Found a viscous altar of Jiyva.
 13955 | Lair:4   | Found a transporter.
 13974 | Lair:4   | Found a staircase to the Slime Pits.
 14174 | Lair:4   | Found a transporter.
 14577 | Lair:5   | Entered Level 5 of the Lair of Beasts
 15165 | Lair:5   | Reached skill level 15 in Maces & Flails
 15385 | Slime:1  | Entered Level 1 of the Pits of Slime
 15910 | Lair:5   | Identified a scroll of acquirement
 15910 | Lair:5   | Acquired a +2 spectral giant spiked club
 15946 | Lair:5   | Found a corrupted altar of Lugonu.
 15946 | Lair:5   | Found a one-way gate to the infinite horrors of the Abyss.
 16246 | Lair:5   | Noticed Rupert
 16254 | Lair:5   | Killed Rupert
 16785 | D:10     | Killed Gastronok
 16786 | D:10     | Reached XP level 15. HP: 181/183 MP: 22/24
 17007 | D:10     | Noticed Snorg
 17022 | D:10     | Killed Snorg
 17144 | D:10     | Found Qabiez's Antique Armour Shop.
 17576 | D:11     | Reached ****** piety under Elyvilon
 17692 | D:11     | Identified the +3 long sword of Slow Death {spect, rF-
                  | Str+3 Int+6}
 17721 | D:11     | Found Deumpul's Antique Weapon Shoppe.
 18014 | D:11     | Found a staircase to the Orcish Mines.
 18596 | Orc:1    | Entered Level 1 of the Orcish Mines
 18627 | Orc:2    | Entered Level 2 of the Orcish Mines
 18627 | Orc:2    | Found a staircase to the Elven Halls.
 18701 | Orc:2    | Found Yjuinyni's Antique Weapon Shoppe.
 18925 | Orc:2    | Found Nocet's Jewellery Boutique.
 18927 | Orc:2    | Found Gaijokhli's Armour Emporium.
 18943 | Orc:2    | Bought the +1 cloak of Starlight {*Dazzle EV+4 Stlth--} for
                  | 518 gold pieces
 18943 | Orc:2    | Found the +1 cloak of Starlight {*Dazzle EV+4 Stlth--}
 18953 | Orc:2    | Bought the ring "Roowken" {rPois Will+ rCorr} for 459 gold
                  | pieces
 19148 | Orc:2    | Found Fuw Vun's Weapon Shoppe.
 19339 | Orc:1    | Found Muna's Assorted Antiques.
 19347 | Orc:1    | Bought a dented fluorescent amulet for 120 gold pieces
 19347 | Orc:1    | Bought a potion of curing for 72 gold pieces
 19512 | Orc:1    | Noticed Harold
 19517 | Orc:1    | Killed Harold
 20263 | D:12     | Noticed Kirke
 20289 | D:12     | Killed Kirke
 21034 | D:13     | Got the Tome of Grey Chemistry
 21127 | D:13     | Reached XP level 16. HP: 155/192 MP: 25/25
 21258 | D:13     | Noticed Anotheraccount's ghost (journeyman DjFE)
 21261 | D:13     | Found a runed translucent door.
 21277 | D:13     | Killed Anotheraccount's ghost
 21456 | D:13     | Noticed Jorgrun
 21465 | D:13     | Killed Jorgrun
 21877 | D:13     | Gained mutation: You have hidden genetic potential. [potion
                  | of mutation]
 21877 | D:13     | Gained mutation: Your magical capacity is low. (-10% MP)
                  | [potion of mutation]
 21877 | D:13     | Gained mutation: You expend magic power (3 MP) to
                  | strengthen your wands. [potion of mutation]
 21877 | D:13     | Gained mutation: Your muscles are strong. (Str +4, Int/Dex
                  | -1) [potion of mutation]
 21878 | D:13     | Lost mutation: Your muscles are strong. (Str +4, Int/Dex
                  | -1) [potion of mutation]
 21878 | D:13     | Lost mutation: Your magical capacity is low. (-10% MP)
                  | [potion of mutation]
 21878 | D:13     | Gained mutation: Your muscles are strong. (Str +4, Int/Dex
                  | -1) [potion of mutation]
 21878 | D:13     | Gained mutation: Your body sometimes deteriorates upon
                  | taking damage. [potion of mutation]
 21878 | D:13     | Lost mutation: Your muscles are strong. (Str +4, Int/Dex
                  | -1) [potion of mutation]
 21878 | D:13     | Gained mutation: You are partially covered in iridescent
                  | scales. (AC +2) [potion of mutation]
 21929 | D:14     | Found a gate to the Vaults.
 22342 | D:15     | Entered Level 15 of the Dungeon
 22721 | D:15     | Found a gate leading to a gauntlet.
 22729 | Gauntlet | Entered a Gauntlet
 22729 | Gauntlet | Found a transporter.
 22739 | Gauntlet | Found a transporter.
 22753 | Gauntlet | Found a transporter.
 22758 | Gauntlet | Found a transporter.
 22773 | Gauntlet | Found a transporter.
 22792 | Gauntlet | Found a transporter.
 22800 | Gauntlet | Found a large runed translucent door.
 22801 | Gauntlet | Found a large runed translucent door.
 22802 | Gauntlet | Found a large runed translucent door.
 22802 | Gauntlet | Found a large runed translucent door.
 22803 | Gauntlet | Found a runed translucent gate.
 22804 | Gauntlet | Found a transporter.
 22804 | Gauntlet | Found a runed translucent gate.
 22805 | Gauntlet | Found a runed translucent gate.
 22806 | Gauntlet | Found a large runed translucent door.
 22806 | Gauntlet | Found a large runed translucent door.
 22807 | Gauntlet | Found a large runed translucent door.
 22808 | Gauntlet | Found a large runed translucent door.
 22816 | Gauntlet | Found a transporter.
 22818 | Gauntlet | Found a large runed translucent door.
 22818 | Gauntlet | Found a large runed translucent door.
 22818 | Gauntlet | Found a runed translucent door.
 22818 | Gauntlet | Found a runed translucent door.
 22819 | Gauntlet | Found a large runed translucent door.
 22820 | Gauntlet | Found a large runed translucent door.
 22822 | Gauntlet | Found a transporter.
 22822 | Gauntlet | Found a transporter.
 22837 | Gauntlet | Found a transporter.
 22849 | Gauntlet | Found a transporter.
 22866 | Gauntlet | Found a transporter.
 22883 | Gauntlet | Found a transporter.
 22885 | Gauntlet | Found a transporter.
 22912 | Gauntlet | Found a transporter.
 22932 | Gauntlet | Found a transporter.
 23006 | Gauntlet | Found a large runed translucent door.
 23006 | Gauntlet | Found a large runed translucent door.
 23007 | Gauntlet | Found a large runed translucent door.
 23008 | Gauntlet | Found a large runed translucent door.
 23078 | Gauntlet | Found a transporter.
 23198 | Gauntlet | Identified the ring "Hoitoi" {rPois rCorr Str-4 Int-5
                  | Slay+6}
 23272 | Gauntlet | Identified the amulet of Ossih {Reflect rCorr Int+5 SH+5}
 23312 | Gauntlet | Reached skill level 1 in Evocations
 23318 | Gauntlet | Identified the +1 leather armour "Paedomn" {rPois rN+
                  | Stlth+}
 23560 | D:15     | Found a staircase to the Depths.
 24116 | Spider:1 | Entered Level 1 of the Spider Nest
 24432 | Spider:1 | Reached XP level 17. HP: 120/201 MP: 26/26
 25053 | Spider:2 | Noticed Arachne
 25064 | Spider:2 | Killed Arachne
 25149 | Spider:2 | Gained mutation: You have very sharp teeth. [hidden
                  | potential]
 25853 | Spider:2 | Identified the amulet "Ajeadin" {Spirit rC+}
 26053 | Spider:3 | Acquired 594 gold pieces
 27280 | Spider:4 | Entered Level 4 of the Spider Nest
 27294 | Spider:4 | Paralysed by a jorogumo for 2 turns
 27735 | Spider:4 | Reached skill level 15 in Invocations
 28188 | Spider:4 | Reached XP level 18. HP: 133/210 MP: 1/29
 28234 | Spider:4 | Got a gossamer rune of Zot
 28243 | Spider:4 | Identified the scarf of Poxuagg {shadows, Str+3}
 28652 | Swamp:1  | Entered Level 1 of the Swamp
 28688 | Swamp:1  | Gained mutation: Your system is resistant to poisons.
                  | (rPois) [hidden potential]
 28688 | Swamp:1  | Lost mutation: You have hidden genetic potential. [hidden
                  | potential expressed]
 29612 | Swamp:2  | Identified the serpent talisman of the Many Ships {Stlth+}
 29612 | Swamp:2  | Noticed Aizul
 29624 | Swamp:2  | Killed Aizul
 29625 | Swamp:2  | Reached skill level 5 in Dodging
 29736 | Swamp:2  | Learned a level 2 spell: Lesser Beckoning
 29754 | Swamp:2  | Noticed a tentacled monstrosity
 29773 | Swamp:2  | Killed a tentacled monstrosity
 29836 | Swamp:2  | Reached skill level 1 in Spellcasting
 29839 | Swamp:2  | Reached skill level 1 in Translocations
 29841 | Swamp:2  | Reached skill level 10 in Armour
 30307 | Swamp:3  | Identified the granite talisman of Ru {rC- rN+}
 30307 | Swamp:3  | Noticed Roxanne
 30318 | Swamp:3  | Killed Roxanne
 30404 | Swamp:3  | Noticed Donald
 30418 | Swamp:3  | Killed Donald
 30631 | Swamp:3  | Identified the +1 pair of gloves of Twilight {Int+5 SInv}
 30631 | Swamp:3  | Noticed Nikola
 30647 | Swamp:3  | Killed Nikola
 30929 | Swamp:4  | Entered Level 4 of the Swamp
 31582 | Swamp:4  | Reached skill level 5 in Spellcasting
 31585 | Swamp:4  | Reached XP level 19. HP: 183/287 MP: 27/40
 31705 | Swamp:4  | Got a decaying rune of Zot
 32221 | Vaults:1 | Entered Level 1 of the Vaults
 32357 | Elf:1    | Entered Level 1 of the Elven Halls
 32388 | Elf:1    | Identified the ring of Colibrou {rPois Str+6 Dex+3}
 32481 | Elf:1    | Learned a level 1 spell: Apportation
 32604 | Elf:1    | Reached skill level 5 in Translocations
 32607 | Elf:1    | Paralysed by an air elemental for 1 turns
 32664 | Elf:1    | Paralysed by an air elemental for 1 turns
 33395 | Elf:1    | You fall into a shaft and drop 1 floor!
 34099 | Elf:2    | Found a runed translucent gate.
 34100 | Elf:2    | Found a runed translucent gate.
 34100 | Elf:2    | Found a runed translucent gate.
 34124 | Elf:2    | Found an ancient bone altar of Kikubaaqudgha.
 34547 | Elf:3    | Entered Level 3 of the Elven Halls
 34587 | Elf:3    | Found Ifybruosa's Book Emporium.
 35541 | Elf:3    | Found a runed translucent door.
 35870 | Elf:3    | Identified the +6 quarterstaff of Yximo {freeze, Fly Int+3}
 35925 | Elf:3    | Paralysed by an air elemental for 1 turns
 36005 | Elf:3    | Reached XP level 20. HP: 181/234 MP: 25/32
 36193 | Elf:3    | Identified the +7 morningstar "Rolel" {flame, rElec rF-
                  | Int-5}
 36193 | Elf:3    | Identified the ring of the Destroying Saviour {rElec rPois}
 36230 | Elf:3    | Learned a level 2 spell: Blink
 36281 | Elf:3    | Identified the +3 broad axe of the Growing Hawk {spect,
                  | rN++ Int+3}
 36284 | Elf:3    | Identified the scarf "Garrae" {repulsion, rPois}
 36359 | Elf:3    | Got the Meditations on the Flaming Graveyard
 36371 | Elf:3    | Got the Vellum of Concussion
 36382 | Elf:3    | Identified the +5 shortbow "Rarikyzy" {flame, rPois Int+5}
 36383 | Elf:3    | Identified the +0 mace of Haufuosch {speed, SInv}
 36428 | Elf:3    | Identified the +2 leather armour of Valiance {rElec}
 36561 | Elf:3    | Found the +0 pair of fencer's gloves {Riposte Dex+3}
 36573 | Elf:3    | Identified the death talisman of the Moon {*Corrode +Blink
                  | rF+++ Int-3}
 36576 | Elf:3    | Identified the ring of Zieb {*Slow rElec rPois Str+6 Dex+2}
 37116 | Vaults:1 | Lost mutation: Your body sometimes deteriorates upon taking
                  | damage. [potion of mutation]
 37116 | Vaults:1 | Lost mutation: You expend magic power (3 MP) to strengthen
                  | your wands. [potion of mutation]
 37116 | Vaults:1 | Gained mutation: You sometimes lose your temper in combat.
                  | [potion of mutation]
 37116 | Vaults:1 | Lost mutation: You sometimes lose your temper in combat.
                  | [potion of mutation]
 37116 | Vaults:1 | Gained mutation: You have hidden genetic potential. [potion
                  | of mutation]
 38239 | Vaults:1 | Gained mutation: You are vulnerable to heat. (rF-) [a
                  | shining eye]
 38307 | Vaults:1 | Found the +5 glaive of the Guard {elec, spectral}
 40042 | Vaults:2 | Reached XP level 21. HP: 213/249 MP: 25/34
 40614 | Vaults:2 | Gained mutation: You have a pair of horns on your head.
                  | [hidden potential]
 41497 | Vaults:3 | Found Yrruit's Assorted Antiques.
 41505 | Vaults:3 | Bought a potion of curing for 111 gold pieces
 41637 | Vaults:3 | Found Xiomn's Distillery.
 41645 | Vaults:3 | Bought 2 potions of curing for 78 gold pieces
 41645 | Vaults:3 | Bought a potion of ambrosia for 104 gold pieces
 41645 | Vaults:3 | Bought a potion of heal wounds for 65 gold pieces
 41645 | Vaults:3 | Bought a potion of heal wounds for 65 gold pieces
 41645 | Vaults:3 | Bought a potion of invisibility for 104 gold pieces
 41645 | Vaults:3 | Bought a potion of haste for 130 gold pieces
 41645 | Vaults:3 | Bought a potion of invisibility for 104 gold pieces
 41645 | Vaults:3 | Bought a potion of brilliance for 52 gold pieces
 42986 | Vaults:3 | You fall into a shaft and drop 1 floor!
 43500 | Vaults:3 | Found a staircase to the Crypt.
 43522 | Vaults:3 | Noticed a bone dragon
 43527 | Vaults:3 | Killed a bone dragon
 43579 | Vaults:3 | Found Utous's Book Emporium.
 43587 | Vaults:3 | Bought a book of Battle for 260 gold pieces
 43591 | Vaults:3 | Learned a level 3 spell: Teleport Other
 43596 | Vaults:3 | Learned a level 4 spell: Passage of Golubria
 43601 | Vaults:3 | Learned a level 4 spell: Manifold Assault
 44373 | Vaults:4 | Identified the +8 mace of Prescription {heavy, *Corrode
                  | rElec Dex+2}
 44455 | Vaults:4 | Reached skill level 15 in Armour
 44731 | Vaults:4 | Reached XP level 22. HP: 259/260 MP: 35/35
 44968 | Crypt:1  | Entered Level 1 of the Crypt
 45214 | Crypt:1  | You fall into a shaft and drop 1 floor!
 45335 | Crypt:2  | Gained mutation: You have a somewhat thin skeletal
                  | structure. (Dex +2, Stealth+) [hidden potential]
 45335 | Crypt:2  | Lost mutation: You have hidden genetic potential. [hidden
                  | potential expressed]
 46364 | Crypt:1  | Found a runed door.
 46459 | Crypt:1  | Noticed a dread lich
 46463 | Crypt:1  | Noticed a dread lich
 46468 | Crypt:1  | Killed a dread lich
 46471 | Crypt:1  | Killed a dread lich
 46508 | Crypt:1  | Identified the ring of Ephemeral Luck {rC- rN+ Int+6 Dex+4}
 46526 | Crypt:1  | Identified the amulet of Xom's Recklessness {Spirit rF++}
 46538 | Crypt:1  | Identified the amulet "Mygusenu" {Spirit Int+5}
 46545 | Crypt:1  | Identified the +0 chain mail of Myfennao {^Drain rC++ SInv
                  | Stlth+}
 47701 | Crypt:3  | Entered Level 3 of the Crypt
 48327 | Crypt:3  | Reached XP level 23. HP: 264/279 MP: 34/36
 48434 | Crypt:3  | Noticed a royal mummy
 48442 | Crypt:3  | Noticed Khufu
 48670 | Depths:1 | Entered Level 1 of the Depths
 49394 | Depths:1 | Found a one-way gate leading to the halls of Pandemonium.
 50147 | Depths:1 | Found a shadowy altar of Dithmenos.
 50241 | Depths:1 | Found a gateway to Hell.
 50736 | Depths:2 | Noticed Saint Roka
 50750 | Depths:2 | Killed Saint Roka
 51253 | Depths:2 | Found a transporter.
 51529 | Depths:2 | Found a transporter.
 51548 | Depths:2 | Found the +8 longbow "Zephyr" {speed, Dex+3 SInv}
 51738 | Depths:2 | Noticed a golden dragon
 51756 | Depths:2 | Noticed a juggernaut
 51762 | Depths:2 | Killed a golden dragon
 51765 | Depths:2 | Killed a juggernaut
 51792 | Depths:2 | Reached skill level 27 in Fighting
 51818 | Depths:2 | Gained mutation: Your skin changes colour to match your
                  | surroundings (Stealth+). [mutagenic glow]
 51826 | Depths:2 | Reached XP level 24. HP: 83/295 MP: 7/37
 52196 | Depths:2 | Identified the ring "Wihypus" {rF+ Int+3 Dex+3}
 52208 | Depths:2 | Identified the +0 robe "Wibryle" {rC+ Int+5}
 52225 | Depths:2 | Identified the amulet "Quvefela" {rElec rPois Regen+ Int+3}
 52346 | Depths:3 | Found Duergh's General Store.
 52396 | Depths:3 | Found Etiowepa's Assorted Antiques.
 52427 | Depths:3 | Found Racrua Adda's Armour Shop.
 52439 | Depths:3 | Found a flickering gateway to a bazaar.
 52440 | Depths:3 | You fall into a shaft and drop 1 floor!
 52440 | Depths:4 | Entered Level 4 of the Depths
 52440 | Depths:4 | Noticed a dread lich
 52441 | Depths:4 | Noticed a caustic shrike
 52446 | Depths:3 | Found a one-way gateway to a ziggurat.
 52508 | Depths:3 | Found Qunasan's General Store.
 52528 | Bazaar   | Entered a bazaar
 52528 | Bazaar   | Found Ycimeblu's General Store.
 52528 | Bazaar   | Found Sotsu's Weapon Emporium.
 52530 | Bazaar   | Found Noite's Distillery.
 52546 | Bazaar   | Found Jotufoso's Antique Armour Emporium.
 52568 | Bazaar   | Bought a potion of heal wounds for 45 gold pieces
 52568 | Bazaar   | Bought a potion of might for 36 gold pieces
 52568 | Bazaar   | Bought 2 potions of heal wounds for 90 gold pieces
 52568 | Bazaar   | Bought a potion of curing for 27 gold pieces
 52568 | Bazaar   | Bought a potion of haste for 90 gold pieces
 52568 | Bazaar   | Bought a potion of curing for 27 gold pieces
 52568 | Bazaar   | Bought a potion of might for 36 gold pieces
 52568 | Bazaar   | Bought a potion of cancellation for 72 gold pieces
 52572 | Bazaar   | Bought a potion of might for 48 gold pieces
 52572 | Bazaar   | Bought a potion of attraction for 36 gold pieces
 52572 | Bazaar   | Bought a scroll of butterflies for 48 gold pieces
 52572 | Bazaar   | Bought a scroll of immolation for 48 gold pieces
 52572 | Bazaar   | Bought a scroll of silence for 114 gold pieces
 52598 | Depths:3 | Bought a potion of curing for 39 gold pieces
 52626 | Depths:3 | Bought a scroll of poison for 68 gold pieces
 52626 | Depths:3 | Bought a scroll of enchant armour for 127 gold pieces
 52811 | Vaults:1 | Lost mutation: You have very sharp teeth. [potion of
                  | mutation]
 52811 | Vaults:1 | Lost mutation: You are partially covered in iridescent
                  | scales. (AC +2) [potion of mutation]
 52811 | Vaults:1 | Gained mutation: Your health recovers twice as slowly from
                  | being drained. [potion of mutation]
 52811 | Vaults:1 | Gained mutation: You are strong-willed. (Will+) [potion of
                  | mutation]
 52812 | Vaults:1 | Lost mutation: Your health recovers twice as slowly from
                  | being drained. [potion of mutation]
 52812 | Vaults:1 | Lost mutation: Your system is resistant to poisons. (rPois)
                  | [potion of mutation]
 52812 | Vaults:1 | Lost mutation: You are strong-willed. (Will+) [potion of
                  | mutation]
 52812 | Vaults:1 | Gained mutation: You occasionally lose the ability to read
                  | scrolls when taking damage. [potion of mutation]
 52812 | Vaults:1 | Gained mutation: Your natural rate of healing is unusually
                  | fast. [potion of mutation]
 52812 | Vaults:1 | Gained mutation: You passively map a small area around you.
                  | [potion of mutation]
 52813 | Vaults:1 | Lost mutation: You occasionally lose the ability to read
                  | scrolls when taking damage. [potion of mutation]
 52813 | Vaults:1 | Lost mutation: You have a pair of horns on your head.
                  | [potion of mutation]
 52813 | Vaults:1 | Gained mutation: Your movements are slightly less
                  | encumbered by armour. (ER -2) [potion of mutation]
 52813 | Vaults:1 | Gained mutation: You expend magic power (3 MP) to
                  | strengthen your wands. [potion of mutation]
 52813 | Vaults:1 | Gained mutation: Your flesh is cold resistant. (rC+)
                  | [potion of mutation]
 52814 | Vaults:1 | Lost mutation: Your flesh is cold resistant. (rC+) [potion
                  | of mutation]
 52814 | Vaults:1 | Lost mutation: You passively map a small area around you.
                  | [potion of mutation]
 52814 | Vaults:1 | Gained mutation: Your system is resistant to poisons.
                  | (rPois) [potion of mutation]
 52814 | Vaults:1 | Gained mutation: You have hidden genetic defects. [potion
                  | of mutation]
 52814 | Vaults:1 | Gained mutation: You are frail. (-10% HP) [potion of
                  | mutation]
 52814 | Vaults:1 | Gained mutation: You are partially covered in large bone
                  | plates. (SH +4) [potion of mutation]
 52815 | Vaults:1 | Lost mutation: Your natural rate of healing is unusually
                  | fast. [potion of mutation]
 52815 | Vaults:1 | Lost mutation: You have a somewhat thin skeletal structure.
                  | (Dex +2, Stealth+) [potion of mutation]
 52815 | Vaults:1 | Lost mutation: Your system is resistant to poisons. (rPois)
                  | [potion of mutation]
 52815 | Vaults:1 | Gained mutation: You are strong-willed. (Will+) [potion of
                  | mutation]
 52815 | Vaults:1 | Gained mutation: You are highly strong-willed. (Will++)
                  | [potion of mutation]
 52815 | Vaults:1 | Lost mutation: Your movements are slightly less encumbered
                  | by armour. (ER -2) [potion of mutation]
 52815 | Vaults:1 | Gained mutation: You possess an exceptional clarity of
                  | mind. [potion of mutation]
 52816 | Vaults:1 | Lost mutation: You are vulnerable to heat. (rF-) [potion of
                  | mutation]
 52816 | Vaults:1 | Lost mutation: You possess an exceptional clarity of mind.
                  | [potion of mutation]
 52816 | Vaults:1 | Lost mutation: You have hidden genetic defects. [potion of
                  | mutation]
 52816 | Vaults:1 | Gained mutation: You passively map a small area around you.
                  | [potion of mutation]
 52816 | Vaults:1 | Lost mutation: You are highly strong-willed. (Will++)
                  | [potion of mutation]
 52816 | Vaults:1 | Gained mutation: Your natural rate of healing is unusually
                  | fast. [potion of mutation]
 52990 | Orc:1    | Bought a scroll of enchant armour for 180 gold pieces
 53274 | Vaults:5 | Entered Level 5 of the Vaults
 53482 | Vaults:5 | Got a silver rune of Zot
 53504 | Vaults:5 | Identified the +7 war axe of the Turnip {flame, rPois
                  | rCorr}
 53545 | Vaults:5 | Noticed an ancient lich
 53554 | Vaults:5 | Killed an ancient lich
 53627 | Vaults:5 | Identified the +1 rapier "Hotra" {holy, rF- Str+3 Int+5
                  | Stlth+}
 53890 | Vaults:5 | Identified the +8 great sword "Zitiec" {venom, *Corrode
                  | rF++ rN+ Stlth+}
 53899 | Vaults:5 | Noticed an ancient lich
 53905 | Vaults:5 | Killed an ancient lich
 53906 | Vaults:5 | Reached XP level 25. HP: 264/273 MP: 36/38
 53956 | Vaults:5 | Got Faemix's Vellum of Allies and Hail
 54014 | Vaults:5 | Noticed Frederick
 54027 | Vaults:5 | Killed Frederick
 54740 | Vaults:5 | Identified the ring "Kuomuliri" {Will+ rCorr}
 55530 | Depths:3 | Found Osugunel's Book Shop.
 55578 | Depths:3 | Found Deozuteuce's Book Boutique.
 55585 | Depths:3 | Bought a manual of Maces & Flails for 1520 gold pieces
 55696 | Depths:3 | Noticed a juggernaut
 55851 | Depths:3 | Found a transporter.
 55860 | Depths:3 | Found a transporter.
 55916 | Depths:3 | Found a bloodstained altar of Trog.
 55916 | Depths:3 | Found the necklace of Bloodlust {Fury *Rage Will++ Int-3
                  | Slay+6}
 56187 | Depths:4 | Noticed a juggernaut
 56197 | Depths:4 | Killed a juggernaut
 56244 | Depths:4 | Found a burning altar of Makhleb.
 56244 | Depths:4 | Found a white marble altar of Elyvilon.
 56245 | Depths:4 | Found a shadowy altar of Dithmenos.
 56357 | Depths:4 | Noticed a juggernaut
 56370 | Depths:4 | Killed a juggernaut
 56392 | Depths:4 | Noticed a juggernaut
 56396 | Depths:4 | Noticed a juggernaut
 56399 | Depths:4 | Killed a juggernaut
 56402 | Depths:4 | Killed a juggernaut
 56569 | Depths:4 | Killed a dread lich
 56648 | Depths:4 | Identified the +8 rapier "Romuedaa" {drain, Dex+4 Stlth-}
 56650 | Depths:4 | Got the Grimoire of Igneous Distillation
 56919 | Depths:4 | Noticed a juggernaut
 56934 | Depths:4 | Killed a juggernaut
 57048 | Depths:4 | Reached XP level 26. HP: 272/282 MP: 38/39
 57256 | Depths:4 | Found a gate to the Realm of Zot.
 57424 | Zot:1    | Entered Level 1 of the Realm of Zot
 57442 | Zot:1    | Noticed an orb of fire
 57456 | Zot:1    | Gained mutation: Your muscles are strong. (Str +4, Int/Dex
                  | -1) [an orb of fire]
 57458 | Zot:1    | Killed an orb of fire
 58456 | Zot:2    | Noticed a Killer Klown
 58464 | Zot:2    | Killed a Killer Klown
 59487 | Zot:3    | Acquired a manual of Translocations
 59958 | Zot:3    | Found a huge runed gate.
 59958 | Zot:3    | Found a huge runed gate.
 59958 | Zot:3    | Found a huge runed gate.
 59958 | Zot:3    | Found a huge runed gate.
 59958 | Zot:3    | Found a huge runed gate.
 59958 | Zot:3    | Found a huge runed gate.
 59958 | Zot:3    | Found a huge runed gate.
 59959 | Zot:3    | Found a huge runed gate.
 59959 | Zot:3    | Found a huge runed gate.
 59959 | Zot:3    | Found a huge runed gate.
 59963 | Zot:3    | Identified the +7 arbalest "Ywyfru Deba" {freeze, rCorr
                  | Str+3}
 59964 | Zot:3    | Found a huge runed gate.
 59964 | Zot:3    | Found a huge runed gate.
 59964 | Zot:3    | Found a huge runed gate.
 59964 | Zot:3    | Found a huge runed gate.
 59964 | Zot:3    | Found a huge runed gate.
 59964 | Zot:3    | Found a huge runed gate.
 59965 | Zot:3    | Found a huge runed gate.
 59966 | Zot:3    | Found a huge runed gate.
 59967 | Zot:3    | Found a huge runed gate.
 59975 | Zot:3    | Found a huge runed gate.
 59975 | Zot:3    | Found a huge runed gate.
 59975 | Zot:3    | Found a huge runed gate.
 59975 | Zot:3    | Found a huge runed gate.
 59975 | Zot:3    | Found a huge runed gate.
 59975 | Zot:3    | Found a huge runed gate.
 59976 | Zot:3    | Found a huge runed gate.
 59978 | Zot:3    | Found a huge runed gate.
 59979 | Zot:3    | Found a huge runed gate.
 59988 | Zot:3    | Found a huge runed gate.
 59988 | Zot:3    | Found a huge runed gate.
 59988 | Zot:3    | Found a huge runed gate.
 59988 | Zot:3    | Found a huge runed gate.
 59988 | Zot:3    | Found a huge runed gate.
 59988 | Zot:3    | Found a huge runed gate.
 59989 | Zot:3    | Found a huge runed gate.
 59995 | Zot:3    | Found a huge runed gate.
 60044 | Zot:3    | Noticed an ancient lich
 60044 | Zot:3    | Noticed a dread lich
 60044 | Zot:3    | Noticed a Killer Klown
 60044 | Zot:3    | Noticed an orb of fire
 60044 | Zot:3    | Noticed an orb of fire
 60050 | Zot:3    | Reached XP level 27. HP: 122/290 MP: 34/39
 60143 | Zot:3    | Gained mutation: You have hidden genetic defects. [an orb
                  | of fire]
 60146 | Zot:3    | Killed an orb of fire
 60151 | Zot:3    | Killed a dread lich
 60156 | Zot:3    | Killed an ancient lich
 60292 | Zot:3    | Gained mutation: You are clumsy. (Dex -2) [an orb of fire]
 60296 | Zot:3    | Killed an orb of fire
 60510 | Zot:4    | Gained mutation: You occasionally lose the ability to drink
                  | potions when taking damage. [hidden defects]
 60527 | Zot:4    | Lost mutation: You have hidden genetic defects. [potion of
                  | mutation]
 60527 | Zot:4    | Lost mutation: Your muscles are strong. (Str +4, Int/Dex
                  | -1) [potion of mutation]
 60527 | Zot:4    | Lost mutation: You are frail. (-10% HP) [potion of
                  | mutation]
 60527 | Zot:4    | Gained mutation: Your flesh is heat resistant. (rF+)
                  | [potion of mutation]
 60527 | Zot:4    | Gained mutation: You have a somewhat thin skeletal
                  | structure. (Dex +2, Stealth+) [potion of mutation]
 60528 | Zot:4    | Lost mutation: You are clumsy. (Dex -2) [potion of
                  | mutation]
 60528 | Zot:4    | Lost mutation: You passively map a small area around you.
                  | [potion of mutation]
 60528 | Zot:4    | Lost mutation: You have a somewhat thin skeletal structure.
                  | (Dex +2, Stealth+) [potion of mutation]
 60528 | Zot:4    | Gained mutation: You passively map a small area around you.
                  | [potion of mutation]
 60854 | Vaults:1 | Lost mutation: Your flesh is heat resistant. (rF+) [potion
                  | of mutation]
 60854 | Vaults:1 | Lost mutation: You are partially covered in large bone
                  | plates. (SH +4) [potion of mutation]
 60854 | Vaults:1 | Lost mutation: Your natural rate of healing is unusually
                  | fast. [potion of mutation]
 60854 | Vaults:1 | Gained mutation: You are robust. (+10% HP) [potion of
                  | mutation]
 60854 | Vaults:1 | Gained mutation: Your flesh is cold resistant. (rC+)
                  | [potion of mutation]
 60995 | Depths:3 | Bought 2 potions of curing for 174 gold pieces
 60995 | Depths:3 | Bought a potion of brilliance for 116 gold pieces
 61233 | Vaults:3 | Bought a potion of haste for 370 gold pieces
 61233 | Vaults:3 | Bought a lightning rod (4/4) for 1480 gold pieces
 61640 | Slime:1  | Reached skill level 27 in Invocations
 62464 | Slime:2  | Reached skill level 10 in Translocations
 63028 | Slime:3  | Found a viscous altar of Jiyva.
 63847 | Slime:5  | Entered Level 5 of the Pits of Slime
 63942 | Slime:5  | Reached skill level 10 in Dodging
 64935 | Slime:5  | Noticed the Royal Jelly
 65086 | Slime:5  | Killed the Royal Jelly
 65295 | Slime:5  | Found the ring of the Hare {EV+10}
 65328 | Slime:5  | Got a slimy rune of Zot
 65336 | Slime:5  | Identified the staff "sdynet's Curse" {rPois rF+ Dex-2 Conj
                  | Hexes Fire}
 65392 | Slime:5  | Identified the ring of Reimbursement {^Drain Fly rElec EV+5
                  | Int-3}
 65435 | Slime:5  | Identified the +0 acid dragon scales of Inquiry {rElec
                  | Regen+ rCorr Str+4 Dex-2}
 65453 | Slime:5  | Identified the +11 trident of Poimnione {freeze, rF+ rC+
                  | Dex+2}
 66576 | Zot:4    | Found a snail-covered altar of Cheibriados.
 66749 | Zot:4    | Identified the +5 kite shield "Ychichy" {rPois rN+ rCorr
                  | Int+3}
 67970 | Zot:5    | Entered Level 5 of the Realm of Zot
 68647 | Zot:5    | Noticed an ancient lich
 68653 | Zot:5    | Killed an ancient lich
 68655 | Zot:5    | Noticed an orb of fire
 68657 | Zot:5    | Noticed a dread lich
 68659 | Zot:5    | Killed a dread lich
 68663 | Zot:5    | Killed an orb of fire
 68663 | Zot:5    | Noticed an ancient lich
 68666 | Zot:5    | Noticed an orb of fire
 68669 | Zot:5    | Killed an ancient lich
 68671 | Zot:5    | Noticed a dread lich
 68677 | Zot:5    | Killed an orb of fire
 68688 | Zot:5    | Killed a dread lich
 68702 | Zot:5    | Noticed an orb of fire
 68719 | Zot:5    | Killed an orb of fire
 68736 | Zot:5    | Noticed a dread lich
 68736 | Zot:5    | Noticed an ancient lich
 68736 | Zot:5    | Noticed a dread lich
 68736 | Zot:5    | Noticed a dread lich
 69084 | Zot:5    | Killed a dread lich
 69089 | Zot:5    | Killed an ancient lich
 69095 | Zot:5    | Killed a dread lich
 69134 | Zot:5    | Killed a dread lich
 69338 | Zot:5    | Got the Orb of Zot
 69384 | Zot:5    | Learned a level 2 spell: Passwall
 69455 | Zot:4    | Noticed an orb of fire
 69456 | Zot:4    | Gained mutation: Armour fits poorly on your strangely
                  | shaped body. [an orb of fire]
 69462 | Zot:4    | Killed an orb of fire
 69463 | Zot:4    | Reached skill level 1 in Earth Magic
 69463 | Zot:4    | Reached skill level 1 in Alchemy
 69612 | Depths:4 | Noticed Sanegotsob the pandemonium lord
 69824 | D:13     | Noticed Zuquschuzot the pandemonium lord
 69832 | D:13     | Killed Zuquschuzot the pandemonium lord
 69959 | D:10     | Noticed a seraph
 69959 | D:10     | Pacified a seraph
 70065 | D:7      | Noticed Nufinwishe the pandemonium lord
 70170 | D:1      | Noticed Efeamuih the pandemonium lord
 70181 | D:1      | Killed Efeamuih the pandemonium lord
 70196 | D:$      | Escaped with the Orb!

Illustrated notes

Levels and vault maps discovered:
D:1:      erik_arrival_triangle_small, layout_rooms,
          amcnicky_mini_corridor_feature
D:2:      layout_basic, basic_altar, ebering_ecumenical_altar_rust
D:3:      layout_basic
D:4:      layout_basic, serial_shops, shop, gup_sewer_entry_bowl,
          minmay_misc_feat_rugged
D:5:      layout_rooms, minmay_temple_entry_stoned_glass
D:6:      layout_basic, blue_anna_alchemist
D:7:      layout_gridville, minmay_misc_feat_room, uniq_joseph, uniq_duvessa
D:8:      layout_rooms, mainiacjoe_overflow_large_starburst,
          david_lair_shrubbed, hangedman_misty_isle, uniq_maggie, uniq_maurice
D:9:      layout_layer_cave, kennysheep_vampire_church, lemuel_blue_sif_altar,
          minivault_12
D:10:     layout_roguey, serial_shops, shop, uniq_gastronok, uniq_snorg
D:11:     layout_loops_corners, david_orc_4, serial_shops, shop,
          grunt_ministairs_10, serial_library_hellmonk_octagon
D:12:     layout_basic, uniq_kirke
D:13:     minmay_the_grid_4x2 [minmay_the_grid_rooms,
          minmay_the_grid_zigzag_pyramid, minmay_the_grid_all_tris,
          minmay_the_grid_square_x, minmay_the_grid_garden,
          minmay_the_grid_minigrid_small, minmay_the_grid_medium_cups,
          minmay_the_grid_prize_four_corners], layout_irregular_city,
          hellmonk_ghost_happy_afterlife, uniq_jorgrun
D:14:     layout_cave_pools, david_vaults_2, small_statue_alley_a, minivault_19
D:15:     grunt_enter_depths_snipers, layout_loops_ring, gauntlet_entry_generic,
          columned_hall_lemuel
Temple:   regret_index_temple_mists
Lair:1:   dragon1_lemuel, layout_misc_corridors,
          nicolae_lair_run_with_the_wolves, lemuel_fruit_fields
Lair:2:   nzn_winding_woodlands_stair_trap [nzn_winding_woodlands_5x15_default,
          nzn_winding_woodlands_5x15_river_crossing,
          nzn_winding_woodlands_5x15_sawtooth,
          nzn_winding_woodlands_15x15_eel_pit,
          nzn_winding_woodlands_5x15_garden, nzn_winding_woodlands_5x15_cabin,
          nzn_winding_woodlands_5x15_jagged], layout_cave_pods,
          nicolae_volcano_entry_two_sided, uniq_nergalle, uniq_amaemon,
          uniq_fannar
Lair:3:   beast_lair_carwin_large_2, layout_chaotic_city,
          palyth_hydra_swamp_entry, nicolae_spider_entry_tight_spaces,
          infiniplex_staircase_pool, grunt_megastairs_4, lemuel_fruit_tree
Lair:4:   gammafunk_cloud_chamber, layout_cave_pods,
          nicolae_slime_entry_field_trip
Lair:5:   hellmonk_lair_end_abyssal_woods, layout_hall_layers,
          wad_woods_river_01, uniq_rupert
Swamp:1:  layout_basic_swamp, evilmike_swamp_ruin_wall
Swamp:2:  layout_basic_swamp, evilmike_swamp_ruin_house_2, swamp_pool_1_2,
          nicolae_swamp_small_spring, nicolae_swamp_bean_lake,
          beargit_elvish_explorers, uniq_aizul
Swamp:3:  layout_basic_swamp, evilmike_swamp_ruin_house_5, uniq_donald,
          uniq_roxanne, uniq_nikola
Swamp:4:  swamp_icy, layout_basic_swamp, nicolae_swamp_spooky_pond
Spider:1: layout_spider_delve, nicolae_spider_solar_radiation
Spider:2: layout_cave_pods, guppyfry_hornet_nest, uniq_arachne
Spider:3: layout_chambers, hangedman_spider_tarantella_strand
Spider:4: grunt_spider_rune_circles
Slime:1:  layout_caves
Slime:2:  layout_caves, nicolae_slime_rock_hall_of_fame
Slime:3:  layout_caves, basic_altar, nicolae_slime_crime_time
Slime:4:  cheibrodos_slime_lost_civilization_2, layout_caves
Slime:5:  slime_pit_nicolae_trefoil
Orc:1:    layout_diamond_mine, serial_shops, nicolae_shop_tiny_waterfront,
          regret_index_minedec_guest_junction, uniq_harold
Orc:2:    st_orc_rangers, layout_caves, serial_shops, nicolae_shop_peninsula
Elf:1:    minmay_ambush_box, layout_gridlike, hangedman_elf_disciples,
          grunt_megastairs_1
Elf:2:    nicolae_elf_blades_crystal_corner, layout_gridlike, basic_altar,
          minmay_misc_feat_pillars, minivault_19
Elf:3:    minmay_elf_hall_spiked, layout_loops_ring, serial_shops, shop,
          nicolae_danse_macabre
Vaults:1: minmay_guarded_unrand_guard, v_misc_26,
          nicolae_vaults_closet_pinwheel_4, v_misc_25, hangedman_vaults_nails,
          nicolae_vaults_alarming, v_misc_14, nicolae_vaults_oval_intersection,
          hangedman_vaults_stagger, nicolae_vaults_cochlea,
          layout_vaults_omnigrid
Vaults:2: nicolae_vaults_shelves_hall, nicolae_vaults_heart-shaped_vault,
          hangedman_vaults_stitches, vaults_room_stairs_pillars,
          nicolae_vaults_diamond_2, dpeg_vaults_monster_box,
          nicolae_vaults_storage_closets_1, nicolae_vaults_closet_pinwheel_6,
          grunt_vaults_twisty, vaults_room_stairs_pillars,
          nicolae_vaults_trapezoid_lopsided_1, nicolae_vaults_tetromino_L_2,
          nicolae_vaults_offset_grid_hallway_3, layout_vaults_ring, uniq_margery
Vaults:3: ontoclasm_vaults_bender, kennysheep_ogre_elephant_herders,
          nicolae_vaults_offset_grid_hallway_3,
          minmay_crypt_entry_nasty_monster, v_misc_29, vaults_dpeg_diagonal,
          nicolae_vaults_tetromino_T_2, nicolae_vaults_diamond_1,
          layout_vaults_chaotic_city, serial_shops, shop, shop,
          nicolae_diamond_shop
Vaults:4: st_more_cells, nicolae_vaults_windows_and_doors_thing,
          ontoclasm_vaults_twist, grunt_vaults_focal, v_misc_24,
          hangedman_vaults_corner, vaults_room_hallway, v_misc_33,
          nicolae_vaults_trapezoid_lopsided_3, nicolae_vaults_diamond_1,
          nicolae_vaults_angled_halls, layout_vaults_maze_snakey
Vaults:5: uniq_frederick
Crypt:1:  evilmike_wizard_prison, layout_chaotic_city,
          serial_library_regret_index_double_sided, hex_medium
Crypt:2:  layout_regular_city, beargit_guarded_unrand_captain_cutlass
Crypt:3:  evilmike_haunted_forest, uniq_khufu
Depths:1: kennysheep_cluttered_fort, layout_basic, pf_coc_iceberg,
          minmay_misc_feat_iff, rand_demon_pan_entry_5, hangedman_decor_points,
          library_closet, nicolae_dithmenos_through_a_glass_darkly
Depths:2: gammafunk_dig_for_victory, layout_honeycomb, abyss_entry_crystal,
          serial_bayou_lagoon_a, hangedman_geh_valley, pan_entry,
          evilmike_ambush [evilmike_ambush_outer_basic,
          evilmike_ambush_inner_basic], serial_bayou_shore_b, uniq_saint_roka
Depths:3: emtedronai_trogs_sanctum, layout_cave_pools, enter_ziggurat_b,
          serial_shops, bzr_in_the_mist, nicolae_shop_waterfront, shop, shop,
          shop, pf_hell_entry_tar_spiral, abyss_entry,
          ebering_dispersal_statue_hall, minmay_shoptagon
Depths:4: hangedman_slaughterboxes, hell_entry
Zot:1:    nicolae_moth_party, layout_onion_interference, lemuel_lake_of_fire
Zot:2:    layout_onion_interference, regret_index_zotdec_banners
Zot:3:    layout_basic, door_vault, grunt_megastairs_5
Zot:4:    infiniplex_zot_generator, layout_misc_corridors,
          regret_index_zotdec_icy_dp, st_stairs_2,
          regret_index_zotdec_serpentine_scales
Zot:5:    layout_misc_corridors

Skill      XL: |  1  2  3  4  5  6  7  8  9 10 11 12 13 14 15 16 17 18 19 20 21 22 23 24 25 26 27 |
---------------+----------------------------------------------------------------------------------+-----
Fighting       | 3 4 5 6 8 9 10 12 14 16 18 19 20 21 23 24 25 27 | 27.0
Stealth        | 1 2 3 4 |  4.0
Dodging        | 3 5 6 9 12 | 12.0
Maces & Flails | 2 4 6 8 10 12 14 15 18 20 21 25 | 25.9
Invocations    | 4 7 9 10 12 15 16 17 18 19 21 22 24 25 27 | 27.0
Armour         | 5 8 9 10 12 14 15 16 17 19 21 23 25 | 25.4
Evocations     | 1 3 |  3.0
Throwing       | 3 |  3.0
Spellcasting   | 5 6 7 9 |  9.0
Translocations | 4 6 7 8 12 | 12.7
Earth Magic    | 4 |  4.8
Alchemy        | 4 |  4.8
Staves         | |  3.0

Action                     |  1- 3 |  4- 6 |  7- 9 | 10-12 | 13-15 | 16-18 | 19-21 | 22-24 | 25-27 || total
---------------------------+-------+-------+-------+-------+-------+-------+-------+-------+-------++-------
  Melee: Quarterstaff      |    22 |       |    13 |   226 |       |       |       |       |       ||   261
         Headbutt          |    11 |    24 |    44 |   140 |   186 |   172 |   192 |   219 |   371 ||  1359
         Hand axe          |    38 |   127 |   242 |   258 |     1 |       |       |       |       ||   666
         Punch             |     2 |     3 |     2 |     4 |     1 |       |       |       |       ||    12
         Giant spiked club |       |       |    16 |       |   318 |   693 |   764 |   751 |  1488 ||  4030
         Morningstar       |       |       |       |    30 |    52 |       |       |       |       ||    82
         Great mace        |       |       |       |    43 |   464 |       |       |       |       ||   507
         Giant club        |       |       |       |     6 |       |       |       |       |       ||     6
         Rapier            |       |       |       |       |    26 |       |       |       |       ||    26
         Bite              |       |       |       |       |       |    72 |   118 |   126 |       ||   316
  Throw: Throwing net      |     8 |       |       |     3 |     1 |     1 |       |     2 |     5 ||    20
         Dart              |     2 |     1 |     7 |     6 |    12 |     4 |     2 |     5 |     5 ||    44
         Large rock        |       |       |       |       |     2 |    30 |    19 |     6 |     1 ||    58
         Javelin           |       |       |       |       |       |       |       |       |    10 ||    10
   Cast: Lesser Beckoning  |       |       |       |       |       |     3 |    66 |    68 |    86 ||   223
         Blink             |       |       |       |       |       |       |     1 |     2 |     2 ||     5
         Manifold Assault  |       |       |       |       |       |       |     1 |    34 |   188 ||   223
         Apportation       |       |       |       |       |       |       |       |     3 |       ||     3
         Passage of Golubr |       |       |       |       |       |       |       |     1 |     3 ||     4
         Passwall          |       |       |       |       |       |       |       |       |     2 ||     2
 Invoke: Heal Other        |       |       |     2 |     7 |     8 |    17 |    19 |    12 |    23 ||    88
         Purification      |       |       |       |     1 |     1 |     5 |       |     6 |     4 ||    17
         Heal Self         |       |       |       |       |     3 |       |     1 |     7 |     2 ||    13
         Divine Vigour     |       |       |       |       |     2 |     5 |     3 |     4 |     3 ||    17
  Evoke: Wand              |       |       |     7 |     9 |     9 |     3 |     7 |    20 |    24 ||    79
         Sack of spiders   |       |       |       |       |       |     1 |     1 |     1 |     3 ||     6
    Use: Potion            |     1 |       |     4 |     8 |    11 |    11 |    13 |    45 |    29 ||   122
         Scroll            |       |     7 |     4 |    10 |    13 |     8 |     7 |    21 |    14 ||    84
   Stab: Held in net/web   |     1 |       |       |     4 |     1 |     1 |       |     1 |     3 ||    11
         Sleeping          |     3 |     8 |     5 |     3 |     4 |       |       |     2 |       ||    25
         Invisible         |       |       |       |     4 |     1 |     7 |     2 |     1 |     5 ||    20
         Petrified         |       |       |       |       |     4 |       |       |       |       ||     4
         Distracted        |       |       |       |       |     4 |     6 |    11 |    12 |    27 ||    60
 Armour: Robe              |    43 |    57 |       |       |       |       |       |       |       ||   100
         Troll leather arm |       |    20 |   218 |   509 |  1024 |   609 |    13 |       |       ||  2393
         Ice dragon scales |       |       |       |       |       |       |   525 |   518 |       ||  1043
         Gold dragon scale |       |       |       |       |       |       |       |   395 |  1311 ||  1706
  Dodge: Dodged            |    27 |    70 |   132 |   289 |   533 |   390 |   242 |   307 |   429 ||  2419
         Repelled          |       |       |       |       |       |       |     2 |     4 |     1 ||     7
  Block: Other             |       |       |    54 |   128 |   220 |    47 |       |    20 |    80 ||   549
         Reflection        |       |       |       |     3 |    18 |     1 |       |       |       ||    22

Table legend: (Time is in decaauts)
 A = Elapsed time spent in this place.
 B = Non-inter-level travel time spent in this place.
 C = Inter-level travel time spent in this place.
 D = Time resting spent in this place.
 E = Time spent auto-exploring this place.
 F = Levels seen in this place.
 G = Mean time per level.
                   A        B        C        D        E       F      G
               +--------+--------+--------+--------+--------+-----+--------+
         Total |  69295 |  59031 |  10264 |    545 |  43983 |  60 | 1154.9 |
       Dungeon |  15511 |  11768 |   3743 |     49 |   8682 |  15 | 1034.1 |
        Temple |     26 |     18 |      8 |      0 |      0 |   1 |   26.0 |
          Lair |   9661 |   8125 |   1536 |    124 |   5953 |   5 | 1932.2 |
         Swamp |   2969 |   2776 |    193 |      0 |   2057 |   4 |  742.2 |
   Spider Nest |   4350 |   3963 |    387 |      0 |   3107 |   4 | 1087.5 |
    Slime Pits |   4083 |   3721 |    362 |      7 |   2875 |   5 |  816.6 |
  Orcish Mines |   1677 |   1378 |    299 |      5 |   1045 |   2 |  838.5 |
   Elven Halls |   4256 |   3952 |    304 |     79 |   3163 |   3 | 1418.7 |
        Vaults |   8936 |   7634 |   1302 |     60 |   5932 |   5 | 1787.2 |
         Crypt |   3474 |   3204 |    270 |      0 |   2411 |   3 | 1158.0 |
        Depths |   6723 |   5517 |   1206 |     13 |   4201 |   4 | 1680.8 |
           Zot |   6154 |   5504 |    650 |    128 |   3881 |   5 | 1230.8 |
        Bazaar |     51 |     51 |      0 |      0 |     22 |   1 |   51.0 |
         Sewer |    240 |    240 |      0 |      0 |    123 |   1 |  240.0 |
       Volcano |    560 |    560 |      0 |     78 |    194 |   1 |  560.0 |
      Gauntlet |    617 |    617 |      0 |      0 |    337 |   1 |  617.0 |
               +--------+--------+--------+--------+--------+-----+--------+

Top non-repeatable levels by time:
  Lair:2: 2630 daAuts
Vaults:1: 2520 daAuts
Depths:2: 2501 daAuts
Vaults:2: 2036 daAuts
   Zot:4: 2010 daAuts
  Lair:3: 2008 daAuts
    D:11: 1866 daAuts
  Lair:4: 1828 daAuts
Depths:4: 1820 daAuts
   Elf:3: 1748 daAuts
  Lair:5: 1616 daAuts
Depths:1: 1599 daAuts
  Lair:1: 1576 daAuts
Vaults:3: 1541 daAuts
 Slime:4: 1525 daAuts
